 Dungeon Sprint DCSS version bcrawl-1.32 (webtiles) character file.

Game seed: 4467223691120265735

291394 Groucho the Imperceptible (level 6, -18/34 HPs)
             Began as a Felid Berserker on July 28, 2021.
             Was a Priest of Trog.
             Demolished by a deep troll (20 damage)
             ... in the Dungeon (Sprint I: "Red Sonja").
             The game lasted 00:02:31 (837 turns).

Groucho the Imperceptible (Felid Berserker)          Turns: 837, Time: 00:02:31

Health: -18/34     AC:  2    Str: 13    XL:     6   Next: 96%
Magic:  7/7        EV: 21    Int:  9    God:    Trog [***...]
Gold:   499        SH:  0    Dex: 17    Spells: 5/5 levels left
                                        Lives:  0   Deaths: 2

rFire    . . .     SeeInvis +     - Teeth and claws (12.2)
rCold    . . .     Gourm    .   (shield unavailable)
rNeg     . . .     Faith    .   (armour unavailable)
rPois    .         Spirit   .   (helmet unavailable)
rElec    .         Reflect  .   (cloak restricted)
rCorr    .         Harm     .   (gloves unavailable)
MR       .....     NoTele   +   (boots unavailable)
Stlth    ++++......             (no amulet)
HPRegen  0.11/turn              (no ring)
MPRegen  0.10/turn              (no ring)

@: very slow
A: very small, no armour, no weapons or thrown items, stealth, claws 1, fangs 3,
see invisible, carnivore, speed 1, shaggy fur 2, slow metabolism 1, sharp paws
a: Berserk, Trog's Hand, Renounce Religion


You were in the Dungeon.
You worshipped Trog.
Trog was most pleased with you.
You were not hungry.

You visited 1 branch You collected 499 gold pieces.

Inventory:

Wands
 h - a wand of polymorph (15)
Scrolls
 b - a scroll of amnesia {unknown}
Potions
 a - 2 potions of magic
 d - a potion of haste
 f - a potion of berserk rage
 i - a potion of mutation {unknown}
Comestibles
 e - 2 rations {!d}


   Skills:
 + Level 4.5 Fighting
 + Level 6.0 Dodging
 + Level 21.9 Stealth
 + Level 5.4 Unarmed Combat


You had 5 spell levels left.
You didn't know any spells.
Your spell library was empty.

Dungeon Overview and Level Annotations

Branches:
Dungeon (1/1)

Altars:
Cheibriados
Dithmenos
Elyvilon
Fedhas
Gozag
Hepliaklqana
Kikubaaqudgha
Lugonu
Makhleb
Nemelex Xobeh
Okawaru
Qazlal
Ru
Sif Muna
Trog
Uskayaw
Vehumet
Wu Jian
Xom
Yredelemnul
Zin
The Shining One
Jiyva

Shops:
D }


Innate Abilities, Weirdness & Mutations

You cannot wear almost all types of armour.
You are incapable of wielding weapons or throwing items.
Your paws allow you to move quietly. (Stealth)
You have sharp claws.
You have razor-sharp teeth.
You have supernaturally acute eyesight. (SInv)
You are carnivorous and can eat meat at any time.
You cover ground quickly.
You are covered in thick fur. (AC +2)
You have a slow metabolism.
Your sharp claws are effective at attacking unaware monsters.


Message History

No path to travel!
You now have 499 gold pieces (gained 27).
You close the door.
You see here the felid skeleton of Groucho.
You open the door.
There is an open door, spattered with blood here.
You enter the shallow water.
Moving in this stuff is going to be slow.
There is an open door here.
The deep troll shouts!
There is an open door here.
You enter the shallow water.
Moving in this stuff is going to be slow.
The deep troll completely misses you. The deep troll claws you!!
Ouch! That really hurt!
The deep troll claws you!
* * * LOW HITPOINT WARNING * * *
The deep troll bites you!!
Ouch! That really hurt!
You die...

####################
.#.)'..#.)'..#__#..+
.'..#.)'..#..'^.'..#
.#####'#####'#__####
.####..#...#(####§[####
.#__####..##.#≈§§§§#$§#
.#_____##'#_.'§T@§§'÷.#
⌠#_.∩...'..._#§§§§§#.$#
##_..__##_.#'##§#####+#
#_____###+#(#[§..#
####### ####'###
+$$.$$+ #######


You could see a deep troll.

Vanquished Creatures
  2 centaur warriors (D)
  A hornet (D)
  A slime creature (D)
  Sigmund (D)
  A yak (D)
  An ogre (D)
  A jelly (D)
  Ijyb (D)
9 creatures vanquished.

Notes
Turn   | Place    | Note
-------+----------+-------------------------------------------
     0 | D        | Groucho the Felid Berserker began the quest for the Orb.
     0 | D        | Reached XP level 1. HP: 12/12 MP: 2/2
     2 | D        | Noticed Ijyb
     3 | D        | Reached skill level 6 in Stealth
     3 | D        | Reached XP level 2. HP: 16/16 MP: 3/3
    12 | D        | Killed Ijyb
   342 | D        | Noticed an ogre
   343 | D        | Reached skill level 10 in Stealth
   343 | D        | Reached XP level 3. HP: 20/20 MP: 4/4
   344 | D        | Killed an ogre
   347 | D        | Noticed Sigmund
   348 | D        | Reached skill level 13 in Stealth
   348 | D        | Reached XP level 4. HP: 24/24 MP: 5/5
   348 | D        | Reached XP level 5. HP: 28/28 MP: 6/6
   349 | D        | Killed Sigmund
   349 | D        | Reached ** piety under Trog
   374 | D        | Found a shimmering blue altar of Sif Muna.
   375 | D        | Found an ornate altar of the Wu Jian Council.
   376 | D        | Found a radiant altar of Vehumet.
   414 | D        | Found Roru's Gadget Emporium.
   414 | D        | Found an ancient bone altar of Kikubaaqudgha.
   414 | D        | Found a hazy altar of Hepliaklqana.
   414 | D        | Found a stormy altar of Qazlal.
   414 | D        | Found a hide-covered altar of Uskayaw.
   414 | D        | Found a blossoming altar of Fedhas.
   414 | D        | Found a bloodstained altar of Trog.
   414 | D        | Found an iron altar of Okawaru.
   414 | D        | Found a basalt altar of Yredelemnul.
   414 | D        | Found a glowing golden altar of the Shining One.
   414 | D        | Found a snail-covered altar of Cheibriados.
   414 | D        | Found a sacrificial altar of Ru.
   414 | D        | Found a glowing silver altar of Zin.
   414 | D        | Found a shadowy altar of Dithmenos.
   414 | D        | Found a white marble altar of Elyvilon.
   414 | D        | Noticed a yak
   415 | D        | Reached skill level 15 in Stealth
   415 | D        | Found an opulent altar of Gozag.
   416 | D        | Killed a yak
   417 | D        | Found a sparkling altar of Nemelex Xobeh.
   435 | D        | Found a burning altar of Makhleb.
   435 | D        | Found a shimmering altar of Xom.
   435 | D        | Noticed a slime creature
   436 | D        | Reached skill level 16 in Stealth
   436 | D        | Gained mutation: You are covered in thick fur. (AC +2)
                  | [Felid growth]
   436 | D        | Reached XP level 6. HP: 32/32 MP: 7/7
   436 | D        | Found a viscous altar of Jiyva.
   436 | D        | Found a corrupted altar of Lugonu.
   438 | D        | Killed a slime creature
   438 | D        | Reached *** piety under Trog
   480 | D        | Noticed a centaur warrior
   480 | D        | Reached skill level 19 in Stealth
   480 | D        | Reached XP level 7. HP: 36/36 MP: 8/8
   480 | D        | Noticed a centaur warrior
   481 | D        | Reached skill level 21 in Stealth
   481 | D        | Reached XP level 8. HP: 40/40 MP: 9/9
   481 | D        | Killed a centaur warrior
   482 | D        | Killed a centaur warrior
   499 | D        | Noticed a hornet
   508 | D        | Slain by a hornet
   509 | D        | Reached XP level 7. HP: -5/36 MP: 8/8
   518 | D        | Killed a hornet
   808 | D        | Noticed a deep troll
   809 | D        | Reached skill level 5 in Unarmed Combat
   818 | D        | Slain by a deep troll
   819 | D        | Reached XP level 6. HP: -4/51 MP: 7/7
   837 | D        | Demolished by a deep troll

Skill      XL: |  1  2  3  4  5  6  7  8 |
---------------+-------------------------+-----
Stealth        | 6 10 13 16 19 21 | 21.9
Unarmed Combat | 5 4 |  5.4
Fighting       | 4 |  4.5
Dodging        | 6 |  6.0

Action                   |  1- 3 |  4- 6 |  7- 9 || total
-------------------------+-------+-------+-------++-------
Melee: Unarmed           |     3 |     4 |    15 ||    22
       Bite              |     1 |       |     4 ||     5
Invok: Berserk           |     1 |       |     2 ||     3
       Trog's Hand       |       |       |     1 ||     1
  Use: Scroll            |       |       |     1 ||     1
       Potion            |       |       |     2 ||     2
 Stab: Sleeping          |     2 |     4 |     2 ||     8
  Eat: Chunk             |       |       |     5 ||     5
Dodge: Dodged            |     2 |     1 |    25 ||    28
